 Dungeon Crawl Stone Soup version 0.28.0 (webtiles) character file.

Game seed: 8566828361724240850

23 freelancePsychic the Sneak (level 3, 0/23 HPs)
             Began as a Kobold Delver on Feb 4, 2022.
             Slain by a kobold (4 damage)
             ... on level 3 of the Dungeon.
             The game lasted 00:01:24 (297 turns).

freelancePsychic the Sneak (Kobold Delver)           Turns: 297, Time: 00:01:25

Health: 0/23       AC:  3    Str:  9    XL:     3   Next: 10%
Magic:  3/3        EV: 14    Int: 13    God:
Gold:   47         SH:  0    Dex: 16    Spells: 2/2 levels left

rFire   . . .      SeeInvis .   a - +0 short sword
rCold   . . .      Faith    .   (no shield)
rNeg    . . .      Spirit   .   b - +0 leather armour
rPois   .          Reflect  .   (no helmet)
rElec   .          Harm     .   (no cloak)
rCorr   .          Rampage  .   (no gloves)
Will    .....                   (no boots)
Stlth   ++++......              (no amulet)
HPRegen 0.07/turn               (no ring)
MPRegen 0.08/turn               (no ring)

@: flying, hasted, very quick
A: small, no large weapons, nightstalker 3
a: no special abilities


You were on level 3 of the Dungeon.
You visited 1 branch of the dungeon, and saw 3 of its levels.

You collected 47 gold pieces.

Inventory:

Hand Weapons
 a - a +0 short sword (weapon)
Armour
 b - a +0 leather armour (worn)
Wands
 g - a wand of digging (3)
Scrolls
 c - a scroll of fog
 h - a scroll of amnesia {unknown}
 j - 3 scrolls of immolation


   Skills:
 + Level 3.6 Fighting
 + Level 3.2 Short Blades
 - Level 2.7 Dodging
 + Level 7.0 Stealth


You had 2 spell levels left.
You didn't know any spells.
Your spell library was empty.

Dungeon Overview and Level Annotations

Branches:
Dungeon (5/15)
 Temple: D:4-7

Altars:


Innate Abilities, Weirdness & Mutations

You are small and have problems with some larger weapons.
You are completely attuned to the shadows.


Message History

Your Stealth skill increases to level 7!
j - 3 scrolls labelled MOHONISMUYB You now have 47 gold pieces (gained 7).
An orc priest comes into view. It is wielding a +0 club.
The orc priest shouts!
You hear a shout! x4
The orc priest barely misses you.
You closely miss the orc priest.
The orc priest mumbles some strange prayers to Beogh against you.
Beogh smites you!
Ouch! That really hurt!
As you read the scroll of fear, it crumbles to dust.
You assume a fearsome visage.
The orc priest looks frightened!
An orc comes into view. It is wielding a +0 flail.
An orc comes into view. It is wielding a +0 short sword.
The orc priest cowers, then darts away.
You feel yourself speed up. The orc barely misses you.
You open the door.
A quokka skeleton comes into view.
A jackal comes into view.
Unknown command.
Found an escape hatch in the floor.
Found a stone staircase leading down.
The jackal barks!
You hear a bark!
You hear an angry hiss.
A jackal comes into view.
An adder comes into view.
The jackal closely misses you.
A kobold comes into view. It is wielding a +0 mace.
The kobold shouts!
The kobold hits you with a +0 mace.
* * * LOW HITPOINT WARNING * * *
You hear a bark!
You hit the kobold but do no damage.
It was a potion of flight.
You feel very buoyant.
You fly up into the air.
As you read the scroll labelled PIASSENALA, it crumbles to dust.
It is a scroll of identify.
j - 3 scrolls of immolation The jackal bites you.
* * * LOW HITPOINT WARNING * * *
The kobold hits you with a +0 mace.
You die...

.....# .. ...........# #..
..>>.. ... ... .... #K# #..
#.#####@# #.. #....Shh# #.#
# #Z####### ####.# #.# ..
#.#... ..#.# #..
...##Z#.##########.#.# #.†
...'.....#.......#.#.#####..
...##................o..o...
.. ###..#.#.......#.######.
. ####.#.###.###.# #.


You could see an adder, 2 jackals and a kobold.

Vanquished Creatures
  2 adders
  A goblin (D:4)
  A quokka (D:4)
  A ball python (D:3)
  A kobold (D:4)
  A rat (D:3)
7 creatures vanquished.

Notes
Turn   | Place    | Note
-------+----------+-------------------------------------------
     0 | D:5      | freelancePsychic the Kobold Delver began the quest for the
                  | Orb.
     0 | D:5      | Reached XP level 1. HP: 14/14 MP: 1/1
    27 | D:5      | Reached XP level 2. HP: 19/19 MP: 2/2
   106 | D:4      | Reached XP level 3. HP: 23/23 MP: 3/3
   182 | D:3      | Found a faded altar of an unknown god.
   243 | D:3      | Reached skill level 7 in Stealth
   297 | D:3      | Slain by a kobold

Illustrated notes

Levels and vault maps discovered:
D:3:      kennysheep_six_static_rooms, layout_basic,
          shapermc_ecumenical_altar_gd
D:4:      layout_basic
D:5:      layout_basic, fountainhead, lemuel_old_faithful

Skill      XL: |  1  2  3 |
---------------+----------+-----
Short Blades   | 3 |  3.2
Stealth        | 7 |  7.0
Fighting       | |  3.6
Dodging        | |  2.7

Action                   || total
-------------------------++-------
Melee: Short sword       ||     9
  Use: Scroll            ||     3
       Potion            ||     2
 Stab: Sleeping          ||     7
Dodge: Dodged            ||     3
